 Dungeon Crawl Stone Soup version 0.29.1-15-g9cfb28693d (webtiles) character file.

Game seed: 15730162971407214505

156 monsoonserge the Grasshopper (level 5, -7/41 HPs)
             Began as a Palentonga Warper on Apr 30, 2023.
             Killed by divine providence
             ... invoked by an orc priest
              (13 damage)
             ... on level 3 of the Dungeon.
             The game lasted 00:09:31 (2678 turns).

monsoonserge the Grasshopper (Palentonga Warper)    Turns: 2678, Time: 00:09:32

Health: -7/41      AC:  5    Str: 19    XL:     5   Next: 14%
Magic:  6/8        EV:  9    Int: 13    God:
Gold:   67         SH:  0    Dex:  9    Spells: 6/8 levels left

rFire   . . .      SeeInvis +   i - +0 war axe
rCold   . . .      Faith    .   (no shield)
rNeg    . . .      Spirit   .   b - +0 leather armour
rPois   .          Reflect  .   o - +0 helmet
rElec   .          Harm     .   (no cloak)
rCorr   .          Rampage  .   (no gloves)
Will    .....                   (no barding)
Stlth   +.........              (no amulet)
HPRegen 0.13/turn               (no ring)
MPRegen 0.11/turn               (no ring)

@: on blink cooldown
A: large, rugged brown scales 3, see invisible, deformed body, roll 1, armoured
tail
a: Rolling Charge


You were on level 3 of the Dungeon.
You visited 1 branch of the dungeon, and saw 3 of its levels.

You collected 103 gold pieces.
You spent 36 gold pieces at shops.

Inventory:

Hand Weapons
 i - a +0 war axe (weapon)
Missiles
 d - 7 boomerangs of dispersal
 k - 3 poisoned darts (quivered)
 l - 27 stones
Armour
 b - a +0 leather armour (worn)
 n - a +0 ring mail
 o - a +0 helmet (worn)
Jewellery
 t - a ring of fire
Scrolls
 c - a scroll of blinking
 f - 4 scrolls of teleportation
 h - a scroll of magic mapping {unknown}
 j - a scroll of poison {unknown}
 p - a scroll of immolation {unknown}
 q - a scroll of noise {unknown}
 r - a scroll of identify {unknown}
 s - a scroll of amnesia {unknown}
Potions
 a - a potion of cancellation {unknown}
 e - a potion of curing
 g - 5 potions of degeneration {unknown}
 m - a potion of attraction {unknown}


   Skills:
 + Level 2.5 Fighting
 + Level 3.3 Axes
 + Level 0.6 Throwing
 * Level 2.0 Armour
 + Level 1.9 Dodging
 - Level 2.0 Spellcasting
 * Level 4.0 Translocations


You had 6 spell levels left.
You knew the following spells:

 Your Spells              Type           Power      Damage    Failure   Level
a - Blink                 Tloc           22%        N/A       9%          2

Your spell library contained the following spells:

 Spells                   Type           Power      Damage    Failure   Level
 Gell's Gravitas          Tloc           11%        N/A       17%         3
 Lesser Beckoning         Tloc           11%        N/A       17%         3
 Teleport Other           Tloc           11%        N/A       17%         3
 Dazzling Flash           Conj/Hex       2%         N/A       65%         3
 Manifold Assault         Tloc           11%        N/A       85%         5
 Agony                    Necr           1%         N/A       100%        5
 Silence                  Hex/Air        0%         N/A       100%        5


Dungeon Overview and Level Annotations

Branches:
Dungeon (3/15)

Altars:

Shops:
D:1 ?

Annotations:
D:3 Sigmund


Innate Abilities, Weirdness & Mutations

You are completely covered in rugged brown scales. (AC +3, +7% HP)
You have supernaturally acute eyesight. (SInv)
Armour fits poorly on your strangely shaped body.
You can roll at nearby foes to attack.
You have a long armoured tail.


Message History

Aim: an adder You roll forward with a clatter of scales! 2 orcs come into view.
The orc shouts!
You slice the adder!!
You kill the adder!
The orc priest looks encouraged for a moment.
The orc priest mumbles some strange prayers to Beogh against you.
Pain shoots through your body!
Unknown command.
Roll where?
Press: ? - help, Dir - move target, f - orc priest
Aim: an orc priest, wielding a +0 whip of freezing You roll forward with a clatter of scales!
You barely miss the orc priest.
Your tail-slap misses the orc priest.
The orc priest hits you with a +0 whip of freezing.
The orc priest freezes you.
You closely miss the orc priest. The orc priest barely misses you.
Roll where?
Press: ? - help, Dir - move target, f - orc, p - orc priest
Aim: an orc, wielding a +0 war axe and wearing a +0 scale mail You roll forward with a clatter of scales!
You closely miss the orc. You hit the orc but do no damage.
You hit the orc priest. The orc hits you but does no damage.
The orc priest hits you but does no damage.
The orc hits you with a +0 war axe.
The orc priest hits you with a +0 whip of freezing.
The orc priest freezes you. The orc hits you with a +0 war axe.
* * * LOW HITPOINT WARNING * * *
The orc hits you with a +0 dagger.
* * * LOW HITPOINT WARNING * * *
Okay, then.
Casting: Blink (safe; 9% risk of failure)
Confirm with . or Enter, or press ? or * to list all spells.
You blink.
Sigmund the Dreaded comes into view.
He is wielding a +0 scythe of protection.
Sigmund shouts!
The orc priest calls down the wrath of Beogh upon you.
Beogh smites you!
You die...

#.#.#
##.#.#######
#...........
######.?†........
#...o............
##
#......########..
.. #.o....# ...#
##.##.##..o...#
.###
@......@........
#####..
#...#.##......##
#..)..# . #
#########...##.##
#...#. #..# ...#
## ##.# .# #..
##. #. ##


You could see Sigmund, an orc priest and 2 orcs.

Vanquished Creatures
  Jessica (D:2)
  An iguana (D:3)
  5 adders
  A dart slug (D:2)
  A worm (D:2)
  2 ball pythons
  6 bats
  8 endoplasms
  9 goblins
  3 hobgoblins (D:1)
  3 jackals (D:1)
  2 quokkas (D:1)
  3 frilled lizards
  5 kobolds
  3 rats
53 creatures vanquished.

Notes
Turn   | Place    | Note
-------+----------+-------------------------------------------
     0 | D:1      | monsoonserge the Palentonga Warper began the quest for the
                  | Orb.
     0 | D:1      | Reached XP level 1. HP: 17/17 MP: 3/3
   534 | D:1      | Reached XP level 2. HP: 23/23 MP: 5/5
   592 | D:1      | Found Walerch's Magic Scroll Emporium.
   609 | D:1      | Found a faded altar of an unknown god.
   788 | D:1      | Reached skill level 1 in Armour
   964 | D:1      | Reached XP level 3. HP: 17/28 MP: 6/6
   971 | D:1      | Learned a level 2 spell: Blink
  1248 | D:2      | Noticed Jessica
  1250 | D:2      | Killed Jessica
  1293 | D:2      | Reached XP level 4. HP: 34/36 MP: 7/7
  1732 | D:1      | Bought a scroll of teleportation for 36 gold pieces
  2381 | D:3      | Reached skill level 4 in Translocations
  2381 | D:3      | Reached XP level 5. HP: 7/41 MP: 8/8
  2678 | D:3      | Noticed Sigmund
  2678 | D:3      | Killed from afar by an orc priest

Illustrated notes

Levels and vault maps discovered:
D:1:      wheals_arrival_linesprint, layout_loops_ring,
          shapermc_ecumenical_altar_mp_highgroup, serial_shops, shop
D:2:      layout_basic, uniq_jessica
D:3:      minmay_skewed_foursquare, layout_basic, lemuel_tele_altar,
          uniq_sigmund

Skill      XL: |  1  2  3  4 |
---------------+-------------+-----
Armour         | 1 2 |  2.0
Axes           | 3 |  3.3
Translocations | 4 |  4.0
Fighting       | |  2.5
Throwing       | |  0.6
Dodging        | |  1.9
Spellcasting   | |  2.0

Action                   |  1- 3 |  4- 6 || total
-------------------------+-------+-------++-------
Melee: Hand axe          |    18 |       ||    18
       War axe           |    61 |    64 ||   125
       Tailslap          |     8 |     5 ||    13
 Cast: Blink             |       |     1 ||     1
 Abil: Rolling Charge    |    21 |    17 ||    38
  Use: Potion            |       |     1 ||     1
Armor: Leather armour    |    34 |    27 ||    61
Dodge: Dodged            |    33 |    34 ||    67
